 Dungeon Crawl Stone Soup version 0.30.0-29-ga12c61a403 (webtiles) character file.

Game seed: 6622912024976248858

359933 AIAndy the Bludgeoner (level 22, -9/157 HPs)
             Began as a Gnoll Wanderer on June 11, 2023.
             Was a High Priest of Hepliaklqana.
             Killed from afar by a servant of whispers (36 damage)
             ... with a bolt of lightning
             ... in the Desolation of Salt on June 13, 2023.
             The game lasted 06:32:19 (42838 turns).

AIAndy the Bludgeoner (Gnoll Wanderer)             Turns: 42838, Time: 06:32:21

Health: -9/157     AC: 35    Str: 22    XL:     22   Next: 42%
Magic:  3/41       EV: 26    Int: 18    God:    Hepliaklqana [*****.]
Gold:   3130       SH:  5    Dex: 21    Spells: 37/52 levels left

rFire   + . .        P - +8 battleaxe "Murmur" {heavy, Str+5 Int+3}
rCold   + . .        (shield currently unavailable)
rNeg    + . .        i - +2 plate armour {rF+}
rPois   .            Y - +5 helmet "Fetoaj" {+Blink Dex+2}
rElec   .            T - +1 cloak of the Monkey's Uncle {rN+}
rCorr   .            v - +1 pair of gloves
SInv    .            z - +3 pair of boots of Losh {rC+}
Will    ++++.        U - amulet of reflection
Stlth   ++           f - ring of the Hare {EV+10}
HPRegen 0.46/turn    o - ring of Wutzustri {Wiz Contam Will+++ Dex+5}
MPRegen 0.27/turn

%: reflection, wizardry (x1)
@: hasted, very quick
A: reduced essence, fangs 1, strong nose, distributed training
}: 2/15 runes: barnacled, gossamer
a: Renounce Religion, Evoke Blink, Recall Ancestor, Ancestor Identity,
Transference, Idealise


You were in the Desolation of Salt.
You worshipped Hepliaklqana.
Hepliaklqana was extremely pleased with you.
You visited 8 branches of the dungeon, and saw 36 of its levels.
You also visited: Volcano and Desolation.

You collected 7453 gold pieces.
You spent 4323 gold pieces at shops.

Inventory:

Hand Weapons
 a - the +12 lajatang of the Holding Big Fish {protect, Str+7 Dex+2}
   (You found it on level 2 of the Dungeon)

   Str:       It affects your strength (+7).
   Dex:       It affects your dexterity (+2).
 w - the +7 shortbow "Salohuy" {heavy, Will+ Int+3}
   (You found it on level 3 of the Elven Halls)

   Int:       It affects your intelligence (+3).
   Will:      It increases your willpower.
 P - the +8 battleaxe "Murmur" (weapon) {heavy, Str+5 Int+3}
   (You took it off a deep elf knight on level 3 of the Elven Halls)

   Str:       It affects your strength (+5).
   Int:       It affects your intelligence (+3).
Missiles
 Q - 9 throwing nets
 W - 4 curare-tipped darts
Armour
 i - a +2 plate armour of fire resistance (worn)
 v - a +1 pair of gloves (worn)
 z - the +3 pair of boots of Losh (worn) {rC+}
   (You found it on level 3 of the Elven Halls)

   rC:        It protects you from cold.
 T - the +1 cloak of the Monkey's Uncle (worn) {rN+}
   (You found it on level 1 of the Shoals)

   rN:        It protects you from negative energy.
 Y - the +5 helmet "Fetoaj" (worn) {+Blink Dex+2}
   (You acquired it on level 4 of the Lair of Beasts)

   Dex:       It affects your dexterity (+2).
   +Blink:    It lets you blink.
Jewellery
 f - the ring of the Hare (left hand) {EV+10}
   (You bought it in a shop on level 3 of the Dungeon)

   [ring of evasion]

   EV:        It affects your evasion (+10).
 m - a ring of flight
 o - the ring of Wutzustri (right hand) {Wiz Contam Will+++ Dex+5}
   (You bought it in a shop on level 1 of the Dungeon)

   [ring of wizardry]

   It improves your spell success rate.
   Dex:       It affects your dexterity (+5).
   Contam:    It causes magical contamination when unequipped.
   Will:      It greatly increases your willpower.
 B - the ring of Nughi {rC++ Str+6}
   (You found it on level 14 of the Dungeon)

   [ring of strength]

   Str:       It affects your strength (+6).
   rC:        It greatly protects you from cold.
 U - an amulet of reflection (around neck)
Wands
 b - a wand of roots (41)
 D - a wand of polymorph (27)
 G - a wand of paralysis (25)
 I - a wand of light (25)
 J - a wand of digging (9)
Scrolls
 c - 4 scrolls of fear
 l - 9 scrolls of magic mapping
 n - 5 scrolls of enchant weapon
 r - 6 scrolls of blinking
 s - 2 scrolls of silence
 y - 13 scrolls of teleportation
 L - 6 scrolls of fog
 S - 11 scrolls of enchant armour
Potions
 e - 4 potions of might
 h - 5 potions of brilliance
 j - 4 potions of heal wounds
 t - 2 potions of berserk rage
 u - 9 potions of curing
 C - 7 potions of magic
 K - 11 potions of ambrosia
 O - 7 potions of haste
 R - a potion of invisibility
 V - 2 potions of cancellation
 X - 6 potions of mutation
 Z - a potion of resistance
Miscellaneous
 k - a phial of floods
 H - a box of beasts


   Skills:
 + Level 15.3 Fighting
 + Level 15.3 Short Blades
 + Level 15.3 Long Blades
 + Level 15.3 Axes
 + Level 17.2 Maces & Flails
 + Level 15.3 Polearms
 + Level 15.3 Staves
 + Level 15.3 Ranged Weapons
 + Level 15.3 Throwing
 + Level 15.3 Armour
 + Level 15.3 Dodging
 + Level 15.3 Stealth
 + Level 15.5 Shields
 + Level 15.3 Unarmed Combat
 + Level 15.5 Spellcasting
 + Level 13.0 Conjurations
 + Level 13.0 Hexes
 + Level 13.0 Summonings
 + Level 13.5 Necromancy
 + Level 13.0 Translocations
 + Level 13.0 Transmutations
 + Level 13.0 Fire Magic
 + Level 13.0 Ice Magic
 + Level 13.0 Air Magic
 + Level 13.0 Earth Magic
 + Level 13.0 Poison Magic
 + Level 16.6 Invocations
 + Level 15.9 Evocations


You had 37 spell levels left.
You knew the following spells:

 Your Spells              Type           Power      Damage    Failure   Level
a - Necrotise             Necr           100%       1d9       1%          1
b - Cigotuvi's Dreadful   Necr/Pois/Air  100%       N/A       1%          2
c - Wereblood             Tmut           57%        N/A       1%          2
d - Vampiric Draining     Necr           58%        2d10      1%          3
e - Manifold Assault      Tloc           57%        N/A       1%          4
f - Portal Projectile     Hex/Tloc       100%       N/A       1%          3

Your spell library contained the following spells:

 Spells                   Type           Power      Damage    Failure   Level
 Apportation              Tloc           100%       N/A       1%          1
 Kiss of Death            Conj/Necr      100%       2d13      1%          1
 Magic Dart               Conj           100%       1d8       1%          1
 Slow                     Hex            100%       N/A       1%          1
 Blink                    Tloc           100%       N/A       1%          2
 Lesser Beckoning         Tloc           100%       N/A       1%          2
 Momentum Strike          Conj/Tloc      100%       3d10      1%          2
 Poisonous Vapours        Pois/Air       100%       N/A       1%          2
 Searing Ray              Conj           100%       2d8       1%          2
 Static Discharge         Conj/Air       100%       2-7/arc   1%          2
 Sublimation of Blood     Necr           58%        N/A       1%          2
 Confusing Touch          Hex            57%        N/A       1%          3
 Gell's Gravitas          Tloc           57%        N/A       1%          3
 Ignite Poison            Fire/Tmut/Pois 57%        N/A       1%          3
 Inner Flame              Hex/Fire       57%        N/A       1%          3
 Spider Form              Tmut/Pois      57%        N/A       1%          3
 Teleport Other           Tloc           57%        N/A       1%          3
 Tukima's Dance           Hex            57%        N/A       1%          3
 Cause Fear               Hex            28%        N/A       1%          4
 Dispel Undead            Necr           58%        3d21      1%          4
 Flame Wave               Conj/Fire      57%        2d14      1%          4
 Fulminant Prism          Conj/Hex       28%        3d13      1%          4
 Sticky Flame             Conj/Fire      57%        2d7       1%          4
 Summon Ice Beast         Ice/Summ       57%        N/A       1%          4
 Alistair's Intoxication  Tmut/Pois      38%        N/A       2%          5
 Arcjolt                  Conj/Air       28%        1d38      2%          5
 Blade Hands              Tmut           28%        N/A       2%          5
 Freezing Cloud           Conj/Ice/Air   28%        6-21      2%          5
 Irradiate                Conj/Tmut      28%        3d21      2%          5
 Summon Forest            Summ/Tloc      28%        N/A       2%          5
 Summon Mana Viper        Hex/Summ       57%        N/A       2%          5
 Conjure Ball Lightning   Conj/Air       28%        3x3d8     12%         6
 Dispersal                Tloc           28%        N/A       12%         6
 Summon Cactus Giant      Summ           28%        N/A       12%         6
 Dragon Form              Tmut           28%        N/A       52%         7
 Monstrous Menagerie      Summ           28%        N/A       52%         7
 Orb of Destruction       Conj           28%        9d9       52%         7
 Storm Form               Tmut/Air       28%        N/A       52%         7
 Summon Hydra             Summ           28%        N/A       52%         7
 Discord                  Hex            28%        N/A       99%         8
 Disjunction              Tloc           28%        N/A       99%         8
 Ignition                 Fire           28%        3d9       99%         8
 Dragon's Call            Summ           28%        N/A       100%        9


Dungeon Overview and Level Annotations

Branches:
Dungeon (15/15)            Temple (1/1) D:4            Lair (5/5) D:9
 Shoals (4/4) Lair:2       Spider (4/4) Lair:2        Slime (0/5) Lair:4
    Orc (2/2) D:10            Elf (3/3) Orc:2        Vaults (2/5) D:13
 Depths (0/4) D:15        Volcano (visited)         Desolation (1/1)
  Crypt: Vaults:2-3

Altars:
Ashenzari
Cheibriados
Dithmenos
Elyvilon
Fedhas
Gozag
Hepliaklqana
Kikubaaqudgha
Makhleb
Nemelex Xobeh
Okawaru
Qazlal
Ru
Sif Muna
Trog
Uskayaw
Vehumet
Wu Jian
Xom
Yredelemnul
Zin
The Shining One
Jiyva
Lugonu

Shops:
D:1 :*=   D:3 =   D:4 *   Orc:1 :?(*   Orc:2 *:[   Elf:1 *   Vaults:2 ?

Annotations:
D:15 1 runed translucent door, Kefanin's ghost, adept GrEE
Lair:4 exclusion: 4 oklob plants


Innate Abilities, Weirdness & Mutations

Your life essence is reduced to manifest your ancestor. (-10% HP)
You have very sharp teeth.
Your uncanny sense of smell can sniff out nearby items.
Your experience applies equally to all skills.


Message History

The saltling hits Publius but does no damage.
Publius hits the saltling with a +0 lajatang of freezing!!!
Publius freezes the saltling.
The saltling is destroyed!
The saltling hits you but does no damage.
You feel better.
Your surroundings suddenly seem different.
Publius is recalled.
A ragged hierophant comes into view. It is wielding a +2 rapier of speed.
A servant of whispers comes into view. It is wielding a +0 spear.
The air resumes its normal movements.
The servant of whispers mumbles some strange prayers to its god against you.
The bolt of lightning hits you!!
* * * LOW HITPOINT WARNING * * *
You feel much better.
You feel yourself speed up.
Publius is no longer moving quickly.
The ragged hierophant casts a spell.
The ragged hierophant begins to accept its allies' injuries.
Casting: Manifold Assault (mildly dangerous; 1% risk of failure)
Confirm with . or Enter, or press ? or * to list all spells.
Space momentarily warps into an impossible shape!
You slash the ragged hierophant!
You chop the servant of whispers into pieces!!!
You block the servant of whispers's attack.
The ragged hierophant casts a spell at you.
A blast of power from the earth strikes you!
* * * LOW HITPOINT WARNING * * *
You block the servant of whispers's attack.
Press: ? - help, v - describe, . - travel
Here: a servant of whispers, wielding a +0 spear and wearing a +0 robe (moderately wounded, sheltered from injuries)
The floor, spattered with blood.
Unknown command.
You chop the servant of whispers into pieces!!!
You bite the servant of whispers, but do no damage.
The servant of whispers is heavily wounded.
Publius loses the glow of perfection.
The servant of whispers mumbles some strange prayers to its god against you.
The bolt of lightning hits you!!!
You die...

###############
################
#################
##################
##################
..................
. #................
..#......R.........
.........a.@##.....
#.........a§......
#........§§§§§§...
##........§§§§... ∆
##......§...§§..
#.......§.§§.§..
....8.......§§§§§.
....#......§§..§§.
#...#............


You could see the friendly Publius the battlemage, a ragged hierophant (ally
target) and a servant of whispers (sheltered).

Vanquished Creatures
  Bai Suzhen (Shoals:3)
  Rupert (D:13)
  A deep elf blademaster (Elf:3)
  A titan (Shoals:1)
  A deep elf master archer (Elf:3)
  Polyphemus (Shoals:4)
  A sphinx (Shoals:4)
  Frances (D:13)
  A tengu reaver (Vaults:1)
  3 vault wardens (Vaults:1)
  A caustic shrike zombie (D:15)
  9 emperor scorpions
  6 deep elf sorcerers (Elf:3)
  4 ghost moths
  7 ironbound preservers
  2 deep elf elementalists (Elf:3)
  2 broodmothers (Spider:4)
  2 stone giants
  An orc warlord (Orc:2)
  An ironbound thunderhulk (Vaults:1)
  2 spark wasps (Spider:4)
  3 deep elf annihilators
  3 deep elf demonologists (Elf:3)
  6 dire elephants (Vaults:1)
  3 merfolk javelineers
  8 deep elf death magi
  The ghost of grothendieck the Grappler, a journeyman TrFi of Wu Jian (D:12)
  2 ragged hierophants (Desolation)
  A yaktaur captain (Vaults:1)
  5 deep elf high priests (Elf:3)
  2 great orbs of eyes (Vaults:1)
  3 ironbound frosthearts (Vaults:1)
  2 peacekeepers (Desolation)
  A jorogumo (Spider:1)
  5 hydras
  Fannar (Lair:2)
  3 merfolk avatars
  A servant of whispers (Desolation)
  4 catoblepae
  Erica (D:11)
  A radroach (Spider:2)
  2 centaur warriors
  3 boulder beetles
  15 dancing weapons
  6 two-headed ogres
  An alligator snapping turtle (Shoals:4)
  11 satyrs
  3 death yaks
  2 orc high priests (Orc:2)
  2 skysharks
  A hell knight (Vaults:1)
  8 deep elf knights
  2 pharaoh ants
  A fire crab (Lair:5)
  A sun moth (Spider:4)
  A skeletal warrior (Volcano)
  8 sea snakes
  7 orb spiders
  14 deep trolls
  2 spectral wolf spiders (Spider:2)
  2 ironbound convokers (Vaults:1)
  A sphinx zombie (D:15)
  7 harpies
  A harpy (shapeshifter) (D:14)
  2 necromancers
  3 orc knights (Orc:2)
  19 deep elf zephyrmancers
  3 wizards
  11 deep elf archers
  A wolf spider zombie (Spider:2)
  18 deep elf pyromancers
  9 steelbarb worms
  An orc sorcerer (Orc:2)
  9 fauns
  4 lindwurms (Vaults:1)
  10 ugly things
  11 cyclopes
  15 manticores
  21 wolf spiders
  A stone giant zombie (D:15)
  14 elephants
  2 moths of wrath (Spider:4)
  A black mamba (Lair:1)
  5 merfolk sirens
  A guardian serpent (Desolation)
  A vault sentinel (Vaults:1)
  2 gargoyles (Volcano)
  4 demonic crawlers
  2 molten gargoyles (Lair:5)
  9 cane toads
  A torpor snail (Spider:3)
  A tengu conjurer (D:15)
  An efreet (D:15)
  A yaktaur (Vaults:1)
  2 kobold demonologists
  4 rime drakes
  A guardian mummy (D:15)
  8 komodo dragons
  A queen bee (Lair:4)
  6 meliai
  13 merfolk
  16 tarantellas
  4 wolf spider simulacra (Spider:2)
  A wind drake (Shoals:3)
  21 saltlings (Desolation)
  2 harpy skeletons (Volcano)
  3 blink frogs
  2 snapping turtles
  7 dream sheep
  3 slime creatures (D:12)
  3 wraiths
  11 jumping spiders
  8 water elementals
  A flying skull (Volcano)
  31 yaks
  A shadow (D:12)
  14 culicivoras
  5 wyverns
  A spriggan (shapeshifter) (Elf:1)
  12 humans
  A vampire (D:11)
  An alligator skeleton (Volcano)
  2 hogs (Lair:4)
  3 vampire mosquitoes
  The ghost of zamzamzam the Cudgeller, an amateur HuMo (D:4)
  3 basilisks
  A fire elemental (Elf:3)
  A glowing shapeshifter zombie (D:15)
  27 redbacks
  An acid dragon (D:9)
  A warg (Orc:2)
  8 water moccasins
  A hell hound (Lair:5)
  A battlemage (Spider:3)
  11 orc warriors
  2 black bears
  A sky beast (D:7)
  17 wolves
  3 boggarts (Vaults:1)
  6 ogres
  4 centaurs (D:13)
  2 kobold brigands
  4 bullfrogs
  A gnoll sergeant (D:5)
  2 scorpions (D:6)
  6 wights
  Dowan (D:5)
  27 killer bees
  2 troll skeletons (Volcano)
  A spriggan skeleton (Volcano)
  3 electric eels (Spider:3)
  4 howler monkeys
  3 lava snakes (Lair:5)
  A gnoll bouda (D:6)
  10 orc priests
  2 hounds
  4 jellies
  An iguana (D:4)
  2 sleepcaps (D:6)
  10 orc wizards
  A hell rat (Lair:4)
  A naga skeleton (Volcano)
  4 adders
  9 gnolls
  2 worms
  A dart slug (D:2)
  48 orcs
  3 ball pythons
  5 bats
  5 endoplasms
  5 giant cockroaches
  5 hobgoblins
  13 kobolds
  2 quokkas
  2 frilled lizards
  A goblin (D:2)
  5 rats
864 creatures vanquished.

Vanquished Creatures (collateral kills)
  Jorgrun (Shoals:2)
  2 sphinxes (Shoals:4)
  A deep elf master archer (Elf:3)
  A kraken (Shoals:3)
  Kirke (Lair:4)
  5 deep elf sorcerers
  2 frost giants (Shoals:1)
  2 emperor scorpions (Spider:2)
  2 deep elf elementalists (Elf:3)
  2 ironbound preservers (Vaults:1)
  A broodmother (Spider:1)
  A deep elf demonologist (Elf:3)
  4 dire elephants (Vaults:1)
  A minotaur (Shoals:4)
  5 deep elf annihilators (Elf:3)
  2 spark wasps
  2 deep elf death magi
  An ettin (Vaults:1)
  2 fire dragons
  2 merfolk javelineers
  4 ragged hierophants (Desolation)
  2 merfolk impalers
  4 deep elf high priests (Elf:3)
  Josephine (D:10)
  An entropy weaver (shapeshifter) (Elf:3)
  An entropy weaver (Spider:3)
  A yaktaur captain (Vaults:1)
  A vault guard (Vaults:1)
  A servant of whispers (Desolation)
  5 hydras
  An ogre mage (D:15)
  A catoblepas (D:15)
  4 boulder beetles
  4 centaur warriors
  2 ironbound frosthearts (Vaults:1)
  11 dancing weapons
  A death yak (Shoals:4)
  2 radroaches
  A two-headed ogre (D:15)
  6 satyrs (Shoals:4)
  A tengu warrior (D:15)
  A vampire mage (D:15)
  7 deep elf knights
  An orc high priest (Orc:2)
  Nergalle (D:12)
  2 sun moths
  2 skeletal warriors
  A pharaoh ant (Spider:4)
  5 sea snakes
  A skyshark (Lair:5)
  5 orb spiders
  A spectral wolf spider (Spider:2)
  8 deep trolls
  8 deep elf archers
  3 orc knights
  2 wizards
  2 lindwurms
  2 wolf spider zombies (Spider:2)
  6 ironbound convokers
  2 steelbarb worms
  8 deep elf pyromancers
  5 deep elf zephyrmancers
  8 harpies
  3 orc sorcerers (Orc:2)
  14 wolf spiders
  4 cyclopes
  6 ugly things
  9 fauns
  9 manticores
  2 guardian serpents (Desolation)
  A black mamba (Lair:3)
  5 merfolk sirens
  9 elephants
  3 torpor snails
  3 demonic crawlers
  3 water nymphs
  5 cane toads
  A molten gargoyle (Lair:5)
  6 gargoyles
  2 komodo dragons
  A kobold demonologist (D:13)
  A rime drake (Lair:5)
  22 merfolk
  An efreet (D:10)
  3 trolls
  5 wind drakes
  3 meliai
  2 wolf spider simulacra (Spider:2)
  2 polar bears
  Prince Ribbit (D:5)
  3 blink frogs
  A harpy skeleton (Volcano)
  12 tarantellas
  21 saltlings (Desolation)
  3 slime creatures
  6 culicivoras
  Sigmund (D:2)
  2 dream sheep (Lair:5)
  5 snapping turtles
  8 jumping spiders
  2 flying skulls (Volcano)
  2 air elementals (Elf:3)
  3 wraiths (D:10)
  3 wyverns
  3 shadows
  4 water elementals
  3 humans (D:13)
  2 hogs (Lair:4)
  A hog (shapeshifter) (D:10)
  25 yaks
  A fire elemental (Elf:1)
  2 steam dragons
  4 basilisks
  16 redbacks
  2 vampire mosquitoes (D:12)
  A warg (Orc:2)
  Menkaure (D:5)
  3 hell hounds (Lair:5)
  3 water moccasins
  Duvessa (D:5)
  An acid dragon (D:9)
  11 orc warriors
  An ice beast (D:7)
  A black bear (D:4)
  A sky beast (D:8)
  An ogre (D:6)
  A wolf (Lair:1)
  3 centaurs
  A phantom (D:6)
  3 kobold brigands
  2 gnoll sergeants
  5 bullfrogs
  2 scorpions (D:6)
  3 earth elementals
  2 wights (D:7)
  12 killer bees
  2 troll skeletons (Volcano)
  A spriggan skeleton (Volcano)
  A howler monkey (D:8)
  2 lava snakes (Lair:5)
  A jelly (Lair:4)
  2 hounds
  Crazy Yiuf (D:2)
  4 orc priests
  An iguana (D:6)
  16 orc wizards
  5 gnolls
  2 adders (D:3)
  A white imp (D:6)
  An ufetubus (D:5)
  21 orcs
  A bat (D:2)
  3 endoplasms
  A giant cockroach (D:3)
  2 goblins (D:3)
  2 hobgoblins (D:4)
  7 kobolds
  A quokka (D:2)
  A ball python (D:3)
  A frilled lizard (D:3)
  2 rats
578 creatures vanquished.

Vanquished Creatures (others)
  A deep elf zephyrmancer (Elf:1)
  A cane toad (Lair:4)
  A human (Lair:4)
  A killer bee (Lair:4)
  An electric eel (D:15)
  44 battlemagi
  4 tentacles (Shoals:3)
53 creatures vanquished.

Grand Total: 1495 creatures vanquished

Notes
Turn   | Place    | Note
-------+----------+-------------------------------------------
     0 | D:1      | AIAndy the Gnoll Wanderer began the quest for the Orb.
     0 | D:1      | AIAndy set off with the following items: a +0 mace, a +0
                  | buckler, a scroll of fear, a +0 leather armour; and the
                  | following spell memorised: Necrotise; and the following
                  | spells available to memorise: Sublimation of Blood,
                  | Cigotuvi's Dreadful Rot.
     0 | D:1      | Reached XP level 1. HP: 13/13 MP: 4/4
    80 | D:1      | Reached XP level 2. HP: 19/19 MP: 1/5
   216 | D:1      | Found Mueladuc's Assorted Antiques.
   281 | D:1      | Found a faded altar of an unknown god.
   342 | D:1      | Prayed at the altar of an unknown god.
   342 | D:1      | Became a worshipper of Hepliaklqana the Forgotten
   342 | D:1      | Reached * piety under Hepliaklqana
   445 | D:1      | Found Jeiwkuut's Jewellery Emporium.
   508 | D:1      | Found Yduud's Book Emporium.
   727 | D:2      | Reached XP level 3. HP: 13/22 MP: 2/7
   739 | D:2      | Reached skill level 1 in Invocations
   960 | D:2      | Found a runed translucent door.
   961 | D:2      | Noticed Crazy Yiuf
  1074 | D:2      | Reached skill level 1 in Fighting
  1074 | D:2      | Reached skill level 1 in Short Blades
  1074 | D:2      | Reached skill level 1 in Long Blades
  1074 | D:2      | Reached skill level 1 in Axes
  1074 | D:2      | Reached skill level 1 in Polearms
  1074 | D:2      | Reached skill level 1 in Staves
  1074 | D:2      | Reached skill level 1 in Ranged Weapons
  1074 | D:2      | Reached skill level 1 in Throwing
  1074 | D:2      | Reached skill level 1 in Armour
  1074 | D:2      | Reached skill level 1 in Dodging
  1074 | D:2      | Reached skill level 1 in Stealth
  1074 | D:2      | Reached skill level 1 in Unarmed Combat
  1099 | D:2      | Reached ** piety under Hepliaklqana
  1102 | D:2      | Remembered your ancestor Publius as a battlemage
  1116 | D:2      | Identified the +12 lajatang of the Holding Big Fish
                  | {protect, Str+7 Dex+2}
  1187 | D:2      | Noticed Sigmund
  1194 | D:2      | Killed Sigmund
  1195 | D:2      | Reached skill level 1 in Conjurations
  1195 | D:2      | Reached skill level 1 in Hexes
  1195 | D:2      | Reached skill level 1 in Summonings
  1195 | D:2      | Reached skill level 1 in Translocations
  1195 | D:2      | Reached skill level 1 in Transmutations
  1195 | D:2      | Reached skill level 1 in Fire Magic
  1195 | D:2      | Reached skill level 1 in Ice Magic
  1195 | D:2      | Reached skill level 1 in Air Magic
  1195 | D:2      | Reached skill level 1 in Earth Magic
  1195 | D:2      | Reached skill level 1 in Poison Magic
  1195 | D:2      | Reached XP level 4. HP: 25/29 MP: 9/9
  1195 | D:2      | Reached XP level 5. HP: 29/34 MP: 10/10
  1417 | D:2      | Learned a level 2 spell: Cigotuvi's Dreadful Rot
  1590 | D:3      | Reached XP level 6. HP: 39/39 MP: 11/11
  1870 | D:3      | Found a stormy altar of Qazlal.
  1881 | D:3      | Reached skill level 5 in Evocations
  1922 | D:3      | Identified the +1 robe of Dishonesty {-Cast Will++ Regen+
                  | SInv}
  2105 | D:3      | Found Iwnaimov's Jewellery Boutique.
  2189 | D:3      | Found a broken altar of Ashenzari.
  2376 | D:4      | Found a glowing silver altar of Zin.
  2377 | D:4      | Found Zin's Purification Station.
  2464 | D:4      | Found a glowing golden altar of the Shining One.
  2648 | D:4      | Noticed a black bear
  2695 | D:4      | Identified the +3 dagger of Icluw {holy, rF+ Dex+3}
  2696 | D:4      | Found a runed translucent gate.
  2696 | D:4      | Noticed zamzamzam's ghost (amateur HuMo)
  2697 | D:4      | Found a runed translucent gate.
  2698 | D:4      | Found a runed translucent gate.
  2703 | D:4      | Reached *** piety under Hepliaklqana
  2758 | D:4      | Found a shadowy altar of Dithmenos.
  2785 | D:4      | Found a staircase to the Ecumenical Temple.
  2792 | D:4      | Noticed a black bear
  3199 | D:5      | Entered Level 5 of the Dungeon
  3233 | D:5      | Reached XP level 7. HP: 38/45 MP: 12/12
  3253 | D:5      | Noticed Prince Ribbit
  3261 | D:5      | Killed Prince Ribbit
  3262 | D:5      | Reached skill level 9 in Maces & Flails
  3304 | D:5      | Noticed Menkaure
  3308 | D:5      | Killed Menkaure
  3309 | D:5      | Reached XP level 8. HP: 52/52 MP: 14/14
  3323 | D:5      | Found a white marble altar of Elyvilon.
  3422 | D:5      | Identified the +6 sling of World Downfall {drain, rF+ Str+2
                  | Stlth+}
  3465 | D:5      | Noticed Dowan
  3466 | D:5      | Noticed Duvessa
  3472 | D:5      | Killed Duvessa
  3473 | D:5      | Killed Dowan
  3491 | D:5      | Found an ornate altar of the Wu Jian Council.
  3772 | D:6      | Reached skill level 5 in Necromancy
  3791 | D:6      | Reached XP level 9. HP: 58/58 MP: 16/16
  3794 | D:6      | Reached skill level 5 in Spellcasting
  3884 | D:6      | Reached **** piety under Hepliaklqana
  3909 | D:6      | Reached skill level 5 in Shields
  4102 | Temple   | Entered the Ecumenical Temple
  4299 | D:7      | Reached skill level 5 in Invocations
  4772 | D:8      | Reached skill level 5 in Fighting
  4772 | D:8      | Reached skill level 5 in Short Blades
  4772 | D:8      | Reached skill level 5 in Long Blades
  4772 | D:8      | Reached skill level 5 in Axes
  4772 | D:8      | Reached skill level 5 in Polearms
  4772 | D:8      | Reached skill level 5 in Staves
  4772 | D:8      | Reached skill level 5 in Ranged Weapons
  4772 | D:8      | Reached skill level 5 in Throwing
  4772 | D:8      | Reached skill level 5 in Armour
  4772 | D:8      | Reached skill level 5 in Dodging
  4772 | D:8      | Reached skill level 5 in Stealth
  4772 | D:8      | Reached skill level 5 in Unarmed Combat
  4772 | D:8      | Reached XP level 10. HP: 66/66 MP: 18/18
  4779 | D:8      | Reached skill level 10 in Maces & Flails
  4812 | D:8      | Found a radiant altar of Vehumet.
  4818 | D:8      | Found a shimmering blue altar of Sif Muna.
  4818 | D:8      | Found an ancient bone altar of Kikubaaqudgha.
  4824 | D:8      | Got Vehumet's Parchment of Arcane Weapons
  4845 | D:8      | Noticed a deep elf pyromancer
  5152 | D:8      | Found an iron altar of Okawaru.
  5209 | D:8      | Found a sparkling altar of Nemelex Xobeh.
  5224 | D:8      | Reached ***** piety under Hepliaklqana
  5607 | D:7      | Found a hazy altar of Hepliaklqana.
  5813 | D:9      | Noticed a centaur warrior
  5816 | D:9      | Killed a centaur warrior
  5833 | D:9      | Found a staircase to the Lair.
  6104 | D:9      | Noticed a cyclops
  6115 | D:9      | Noticed a manticore
  6120 | D:9      | Killed a manticore
  6256 | D:9      | Identified a scroll of acquirement
  6256 | D:9      | Acquired 1310 gold pieces
  6441 | D:1      | Bought the ring of Wutzustri {Wiz Contam Will+++ Dex+5} for
                  | 978 gold pieces
  6446 | D:1      | Learned a level 2 spell: Wereblood
  6559 | D:2      | Killed Crazy Yiuf
  6880 | D:9      | Reached skill level 5 in Conjurations
  6880 | D:9      | Reached skill level 5 in Hexes
  6880 | D:9      | Reached skill level 5 in Summonings
  6880 | D:9      | Reached skill level 5 in Translocations
  6880 | D:9      | Reached skill level 5 in Transmutations
  6880 | D:9      | Reached skill level 5 in Fire Magic
  6880 | D:9      | Reached skill level 5 in Ice Magic
  6880 | D:9      | Reached skill level 5 in Air Magic
  6880 | D:9      | Reached skill level 5 in Earth Magic
  6880 | D:9      | Reached skill level 5 in Poison Magic
  7198 | D:9      | Reached XP level 11. HP: 72/72 MP: 21/21
  7260 | Lair:1   | Entered Level 1 of the Lair of Beasts
  7952 | Lair:1   | Reached skill level 11 in Maces & Flails
  8465 | Lair:2   | Noticed Fannar
  8479 | Lair:2   | Found a hole to the Spider Nest.
  8484 | Lair:2   | Reached XP level 12. HP: 81/81 MP: 23/23
  8633 | Lair:2   | Noticed a four-headed hydra
  8639 | Lair:2   | Killed a four-headed hydra
  8649 | Lair:2   | Killed Fannar
  8848 | Lair:2   | Found a staircase to the Shoals.
  9191 | Lair:2   | Noticed a skyshark
  9215 | Lair:2   | Killed a skyshark
  9830 | Lair:3   | Noticed a catoblepas
  9839 | Lair:3   | Killed a catoblepas
  9871 | Lair:3   | Noticed a skyshark
  9880 | Lair:3   | Killed a skyshark
 10240 | Lair:3   | Noticed an eight-headed hydra
 10243 | Lair:3   | Reached XP level 13. HP: 88/88 MP: 22/25
 10475 | Lair:4   | Acquired the +5 helmet "Fetoaj" {+Blink Dex+2}
 10487 | Lair:4   | Acquired 843 gold pieces
 10489 | Lair:4   | Acquired 834 gold pieces
 10494 | Lair:4   | Found a dark tunnel.
 10521 | Volcano  | Entered a volcano
 11050 | Volcano  | Reached skill level 12 in Maces & Flails
 11703 | D:3      | Bought the ring of the Hare {EV+10} for 1408 gold pieces
 11703 | D:3      | Found the ring of the Hare {EV+10}
 11763 | D:1      | Bought a scroll of identify for 48 gold pieces
 11777 | D:1      | Bought a book of Debilitation for 260 gold pieces
 11781 | D:1      | Learned a level 3 spell: Vampiric Draining
 11899 | D:4      | Killed zamzamzam's ghost
 12208 | Lair:4   | Noticed Kirke
 12219 | Lair:4   | Killed Kirke
 12247 | Lair:4   | Found a staircase to the Slime Pits.
 12248 | Lair:4   | Found a viscous altar of Jiyva.
 12416 | Lair:4   | Reached skill level 10 in Evocations
 12722 | Lair:4   | Reached XP level 14. HP: 97/97 MP: 27/27
 12727 | Lair:4   | Reached skill level 10 in Invocations
 13143 | Lair:5   | Entered Level 5 of the Lair of Beasts
 13648 | Lair:5   | Reached skill level 10 in Spellcasting
 13740 | Lair:5   | Reached skill level 10 in Shields
 14726 | Lair:5   | Found a large runed translucent door.
 14727 | Lair:5   | Found a large runed translucent door.
 15791 | D:10     | Entered Level 10 of the Dungeon
 15836 | D:10     | Reached skill level 10 in Fighting
 15836 | D:10     | Reached skill level 10 in Short Blades
 15836 | D:10     | Reached skill level 10 in Long Blades
 15836 | D:10     | Reached skill level 10 in Axes
 15836 | D:10     | Reached skill level 10 in Polearms
 15836 | D:10     | Reached skill level 10 in Staves
 15836 | D:10     | Reached skill level 10 in Ranged Weapons
 15836 | D:10     | Reached skill level 10 in Throwing
 15836 | D:10     | Reached skill level 10 in Armour
 15836 | D:10     | Reached skill level 10 in Dodging
 15836 | D:10     | Reached skill level 10 in Stealth
 15836 | D:10     | Reached skill level 10 in Unarmed Combat
 15890 | D:10     | Found a staircase to the Orcish Mines.
 16032 | D:10     | Noticed Josephine
 16037 | D:10     | Killed Josephine
 16039 | D:10     | Reached skill level 13 in Maces & Flails
 16069 | D:10     | Found a runed translucent door.
 16361 | D:10     | Reached XP level 15. HP: 102/103 MP: 24/29
 16504 | D:10     | Identified the +0 leather armour of Day {rElec Will++
                  | Str-2}
 16571 | Orc:1    | Entered Level 1 of the Orcish Mines
 16580 | Orc:1    | Found Viovuaxzum's Magic Scroll Emporium.
 16588 | Orc:1    | Bought a scroll of teleportation for 51 gold pieces
 16588 | Orc:1    | Bought a scroll of identify for 34 gold pieces
 16684 | Orc:1    | Found Issoyt's Weapon Shoppe.
 16932 | Orc:1    | Found Liysseto's General Store.
 17046 | Orc:1    | Found Kifenumn's Book Emporium.
 17095 | Orc:2    | Entered Level 2 of the Orcish Mines
 17095 | Orc:2    | Found a staircase to the Elven Halls.
 17111 | Orc:2    | Noticed an orc warlord
 17133 | Orc:2    | Killed an orc warlord
 17491 | Orc:2    | Found Zosoron's Armour Emporium.
 17491 | Orc:2    | Found Goyskiar's General Store.
 17496 | Orc:2    | Found Pelluv's Book Emporium.
 17496 | Orc:2    | Found Ocveika's General Store.
 17940 | Orc:1    | Bought a potion of experience for 900 gold pieces
 17940 | Orc:1    | Reached XP level 16. HP: 111/111 MP: 29/31
 17968 | Orc:1    | Bought an Inescapable Atlas for 448 gold pieces
 17973 | Orc:1    | Learned a level 4 spell: Manifold Assault
 18087 | Orc:2    | Bought a scroll of fog for 56 gold pieces
 18087 | Orc:2    | Bought a potion of haste for 140 gold pieces
 18195 | D:11     | Got Beywn's Essays on Angles and Blight
 18222 | D:11     | Noticed Erica
 18228 | D:11     | Killed Erica
 19156 | D:12     | Found a transporter.
 19157 | D:12     | Found a transporter.
 19168 | D:12     | Noticed grothendieck's ghost (journeyman TrFi)
 19388 | D:12     | Noticed Nergalle
 19394 | D:12     | Killed Nergalle
 19685 | D:12     | Reached skill level 10 in Necromancy
 20166 | D:13     | Noticed Rupert
 20166 | D:13     | Found a gate to the Vaults.
 20309 | D:13     | Acquired an amulet of reflection
 20503 | D:13     | Killed Rupert
 20728 | D:13     | Noticed Frances
 20736 | D:13     | Killed Frances
 21282 | D:14     | Reached ****** piety under Hepliaklqana
 21397 | D:14     | Identified the ring of Nughi {rC++ Str+6}
 21544 | D:14     | Reached XP level 17. HP: 117/117 MP: 32/32
 21918 | D:14     | You fall into a shaft and drop 1 floor!
 21918 | D:15     | Entered Level 15 of the Dungeon
 22074 | D:15     | Reached skill level 14 in Maces & Flails
 22460 | D:15     | Found a staircase to the Depths.
 22860 | D:15     | Found a runed translucent door.
 22860 | D:15     | Noticed Kefanin's ghost (adept GrEE)
 23562 | D:12     | Killed grothendieck's ghost
 23938 | Spider:1 | Entered Level 1 of the Spider Nest
 24067 | Spider:1 | Paralysed by a jorogumo for 2 turns
 24486 | Spider:1 | Reached skill level 10 in Conjurations
 24486 | Spider:1 | Reached skill level 10 in Hexes
 24486 | Spider:1 | Reached skill level 10 in Summonings
 24486 | Spider:1 | Reached skill level 10 in Translocations
 24486 | Spider:1 | Reached skill level 10 in Transmutations
 24486 | Spider:1 | Reached skill level 10 in Fire Magic
 24486 | Spider:1 | Reached skill level 10 in Ice Magic
 24486 | Spider:1 | Reached skill level 10 in Air Magic
 24486 | Spider:1 | Reached skill level 10 in Earth Magic
 24486 | Spider:1 | Reached skill level 10 in Poison Magic
 25873 | Spider:2 | Reached XP level 18. HP: 68/126 MP: 9/34
 27929 | Spider:4 | Entered Level 4 of the Spider Nest
 28577 | Spider:4 | Reached skill level 15 in Maces & Flails
 29308 | Spider:4 | Identified the orb "Roplui" {guile, Slay+3}
 29505 | Spider:4 | Got a gossamer rune of Zot
 29749 | Shoals:1 | Entered Level 1 of the Shoals
 29757 | Shoals:1 | Reached XP level 19. HP: 119/133 MP: 27/36
 30127 | Shoals:1 | Identified the +1 cloak of the Monkey's Uncle {rN+}
 30403 | Shoals:1 | Identified the +0 robe "Didweff" {rElec rF- Stlth+
                  | Archmagi}
 31383 | Shoals:2 | Noticed Jorgrun
 31395 | Shoals:2 | Killed Jorgrun
 32137 | Shoals:3 | Noticed Bai Suzhen
 32158 | Shoals:3 | Killed Bai Suzhen
 33428 | Shoals:4 | Entered Level 4 of the Shoals
 33451 | Shoals:4 | Noticed Polyphemus
 33636 | Shoals:4 | Killed Polyphemus
 34127 | Shoals:4 | Reached XP level 20. HP: 98/141 MP: 37/37
 34651 | Shoals:4 | Reached skill level 16 in Maces & Flails
 34651 | Shoals:4 | Reached skill level 15 in Invocations
 34723 | Shoals:4 | Identified the +8 war axe of Isuuruf {pain, Contam +Blink
                  | rPois rC++}
 34726 | Shoals:4 | Got a barnacled rune of Zot
 34768 | Shoals:4 | Identified the +8 tower shield "Zucwiones" {-Tele rF+ Int+3
                  | Dex+4}
 35095 | Elf:1    | Entered Level 1 of the Elven Halls
 35360 | Elf:1    | Got Waoc's Omnibus of Destruction
 36004 | Elf:1    | Found Kosill's General Store.
 36510 | Elf:2    | Found a runed translucent gate.
 36511 | Elf:2    | Found a runed translucent gate.
 36511 | Elf:2    | Found a runed translucent gate.
 38003 | Elf:3    | Entered Level 3 of the Elven Halls
 38107 | Elf:3    | Reached skill level 15 in Evocations
 38158 | Elf:3    | Reached XP level 21. HP: 137/149 MP: 16/39
 38297 | Elf:3    | Paralysed by an air elemental for 1 turns
 38978 | Elf:3    | Identified the amulet "Xasiut" {Contam Will- Regen+ Str+5
                  | SInv}
 39010 | Elf:3    | Identified the +8 mace of Butchery {venom, rPois Dex+3}
 39539 | Elf:3    | Identified the +8 battleaxe "Murmur" {heavy, Str+5 Int+3}
 40019 | Elf:3    | Reached skill level 15 in Spellcasting
 40175 | Elf:3    | Identified the +7 shortbow "Salohuy" {heavy, Will+ Int+3}
 40261 | Elf:3    | Got the Precepts of Electrocution
 40290 | Elf:3    | Identified the +3 pair of boots of Losh {rC+}
 40379 | Elf:3    | Learned a level 3 spell: Portal Projectile
 40636 | Vaults:1 | Entered Level 1 of the Vaults
 40655 | Vaults:1 | Reached skill level 15 in Shields
 41250 | Vaults:1 | Reached skill level 15 in Fighting
 41250 | Vaults:1 | Reached skill level 15 in Short Blades
 41250 | Vaults:1 | Reached skill level 15 in Long Blades
 41250 | Vaults:1 | Reached skill level 15 in Axes
 41250 | Vaults:1 | Reached skill level 15 in Polearms
 41250 | Vaults:1 | Reached skill level 15 in Staves
 41250 | Vaults:1 | Reached skill level 15 in Ranged Weapons
 41250 | Vaults:1 | Reached skill level 15 in Throwing
 41250 | Vaults:1 | Reached skill level 15 in Armour
 41250 | Vaults:1 | Reached skill level 15 in Dodging
 41250 | Vaults:1 | Reached skill level 15 in Stealth
 41250 | Vaults:1 | Reached skill level 15 in Unarmed Combat
 41598 | Vaults:1 | Reached skill level 17 in Maces & Flails
 41902 | Vaults:1 | Reached XP level 22. HP: 157/157 MP: 29/41
 42710 | Vaults:2 | Found Xoimniq's Magic Scroll Shoppe.
 42741 | Vaults:2 | Found a crumbling gateway.
 42759 | Desolati | Entered the Desolation of Salt
 42833 | Desolati | HP: 5/157 [servant of whispers/bolt of lightning (31)]
 42838 | Desolati | Killed from afar by a servant of whispers

Illustrated notes

Levels and vault maps discovered:
D:1:      nzn_arrival_crosshair, layout_rooms, shapermc_ecumenical_altar_ellora,
          serial_shops, shop, shop, shop_statue, grunt_decor_clamped
D:2:      minmay_evil_eye, layout_basic, uniq_crazy_yiuf_cottage, uniq_sigmund
D:3:      layout_basic, nicolae_qazlal_scattered_showers,
          nicolae_ashenzari_skybound, serial_shops, shop
D:4:      layout_gridville, zin_purify, nicolae_dithmenos_shadow_blocks,
          tso_metal_star, minmay_temple_entry_glassed_door,
          biasface_ghost_orc_armoury
D:5:      layout_rooms, elyvilon_altar_5, lemuel_tele_altar, uniq_duvessa,
          uniq_prince_ribbit1, uniq_menkaure
D:6:      wander_river, layout_rooms
D:7:      layout_basic, kennysheep_little_box
D:8:      layout_basic, grunt_temple_overflow_magic_moments,
          mainiacjoe_overflow_boulevard, mainiacjoe_overflow_alcove_1
D:9:      layout_long_grid, lair_entry_dummy, kennysheep_opposing_triangles
D:10:     layout_roguey, david_orc_3, minivault_13, uniq_josephine
D:11:     layout_loops_ring, uniq_erica
D:12:     layout_stronghold, nzn_ghost_randoct, uniq_nergalle
D:13:     layout_roguey, david_vaults_3, minmay_misc_feat_tower, uniq_frances
D:14:     layout_irregular_city, chequers_serial_rivers_small_a
D:15:     gammafunk_depths_entry_grave, layout_basic, ebering_ghost_inner_flame
Temple:   kb_corrupted_temple
Lair:1:   layout_regular_city, minmay_holes, chequers_serial_rivers_micro_e,
          infiniplex_staircase_pool_2, grunt_megastairs_2
Lair:2:   layout_cave_pods, minmay_shoals_entry_hut, spider_nest_entry_rubble,
          serial_bayou_shore_b, uniq_fannar
Lair:3:   layout_regular_city
Lair:4:   hangedman_what_comes_after_a, layout_hall_layers,
          nicolae_slime_entry_slimehenge, nicolae_volcano_entry_two_sided,
          uniq_kirke
Lair:5:   cheibrodos_lair_end_hotspot, layout_layer_cave, lookout_lair_type
Shoals:1: layout_shoals, st_sunken_temple
Shoals:2: layout_shoals, uniq_jorgrun
Shoals:3: layout_shoals, uniq_bai_suzhen
Shoals:4: shoals_end_hellmonk_lost_city, serial_shops, uniq_polyphemus
Spider:1: layout_spider_delve, drop_trap
Spider:2: layout_chambers, nicolae_spider_undead_wolf_pack
Spider:3: layout_spider_delve
Spider:4: guppyfry_spider_rune, nicolae_spider_some_kinda_spiderbox
Orc:1:    layout_diamond_mine, serial_shops, nicolae_lakefront_shop,
          nicolae_shop_tiny_statue_garden, shop, nicolae_shop_rolling_square
Orc:2:    grunt_orc_tribal_feast, layout_caves, nicolae_orc_damp_corner
Elf:1:    layout_loops_corners, serial_shops, shop, minmay_elf_annihilation
Elf:2:    nicolae_elf_blades_crystal_corner, layout_geoelf_octagon
Elf:3:    minmay_elf_hall_hex, layout_geoelf_octagon, serial_aquarium,
          aquarium_bridge_long_separate [aquarium_subvault_wall,
          aquarium_subvault_bridge, aquarium_subvault_window,
          aquarium_subvault_bridge, aquarium_subvault_bridge,
          aquarium_subvault_balcony], aquarium_window_1, aquarium_window_1,
          aquarium_view_2c
Vaults:1: nicolae_vaults_shelves_hall, nicolae_vaults_closet_pinwheel_4,
          v_misc_12, hangedman_vaults_trim, dpeg_vaults_waves, v_rooms_3,
          nicolae_vaults_closet_pinwheel_1, nicolae_vaults_more_shelving_2,
          nicolae_vaults_circle_grid_a, nicolae_vaults_trapezoid_lopsided_1,
          layout_vaults_ring
Vaults:2: portal_desolation_entry_garden, nicolae_vaults_six-pack,
          nicolae_vaults_tangram_2, st_star, hangedman_vaults_variations,
          nicolae_vaults_shrinking_rooms_1, nicolae_vaults_closet_pinwheel_4,
          nicolae_vaults_alarming, nicolae_vaults_house_1,
          layout_vaults_chaotic_city, serial_shops, nicolae_shop_rolled_up
Desolation

Skill      XL: |  1  2  3  4  5  6  7  8  9 10 11 12 13 14 15 16 17 18 19 20 21 22 |
---------------+-------------------------------------------------------------------+-----
Invocations    | 2 3 4 5 6 7 8 9 10 11 12 13 14 15 16 | 16.6
Fighting       | 1 2 3 4 5 6 7 8 9 10 11 12 13 14 15 | 15.3
Short Blades   | 1 2 3 4 5 6 7 8 9 10 11 12 13 14 15 | 15.3
Long Blades    | 1 2 3 4 5 6 7 8 9 10 11 12 13 14 15 | 15.3
Axes           | 1 2 3 4 5 6 7 8 9 10 11 12 13 14 15 | 15.3
Polearms       | 1 2 3 4 5 6 7 8 9 10 11 12 13 14 15 | 15.3
Staves         | 1 2 3 4 5 6 7 8 9 10 11 12 13 14 15 | 15.3
Ranged Weapons | 1 2 3 4 5 6 7 8 9 10 11 12 13 14 15 | 15.3
Throwing       | 1 2 3 4 5 6 7 8 9 10 11 12 13 14 15 | 15.3
Armour         | 1 2 3 4 5 6 7 8 9 10 11 12 13 14 15 | 15.3
Dodging        | 1 2 3 4 5 6 7 8 9 10 11 12 13 14 15 | 15.3
Stealth        | 1 2 3 4 5 6 7 8 9 10 11 12 13 14 15 | 15.3
Unarmed Combat | 1 2 3 4 5 6 7 8 9 10 11 12 13 14 15 | 15.3
Shields        | 3 4 5 6 7 8 9 10 11 12 13 14 15 | 15.5
Spellcasting   | 3 4 5 6 7 8 9 10 11 12 13 14 15 | 15.5
Conjurations   | 1 2 3 4 5 6 7 8 9 10 11 12 13 | 13.0
Hexes          | 1 2 3 4 5 6 7 8 9 10 11 12 13 | 13.0
Summonings     | 1 2 3 4 5 6 7 8 9 10 11 12 13 | 13.0
Necromancy     | 4 5 6 7 8 9 10 11 12 13 | 13.5
Translocations | 1 2 3 4 5 6 7 8 9 10 11 12 13 | 13.0
Transmutations | 1 2 3 4 5 6 7 8 9 10 11 12 13 | 13.0
Fire Magic     | 1 2 3 4 5 6 7 8 9 10 11 12 13 | 13.0
Ice Magic      | 1 2 3 4 5 6 7 8 9 10 11 12 13 | 13.0
Air Magic      | 1 2 3 4 5 6 7 8 9 10 11 12 13 | 13.0
Earth Magic    | 1 2 3 4 5 6 7 8 9 10 11 12 13 | 13.0
Poison Magic   | 1 2 3 4 5 6 7 8 9 10 11 12 13 | 13.0
Evocations     | 5 6 7 8 9 10 11 12 13 14 15 | 15.9
Maces & Flails | 9 10 11 12 13 14 15 16 17 | 17.2

Action                     |  1- 3 |  4- 6 |  7- 9 | 10-12 | 13-15 | 16-18 | 19-21 | 22-24 || total
---------------------------+-------+-------+-------+-------+-------+-------+-------+-------++-------
  Melee: Mace              |    65 |       |       |       |       |       |       |       ||    65
         Bite              |     9 |     3 |     2 |    28 |    54 |   102 |    47 |     8 ||   253
         Lajatang          |       |    39 |    22 |   169 |   364 |   872 |   843 |       ||  2309
         Sling             |       |       |       |       |       |    19 |     2 |       ||    21
         Battleaxe         |       |       |       |       |       |       |   106 |    98 ||   204
   Fire: Sling             |       |       |   124 |   243 |   388 |   514 |   348 |       ||  1617
         Shortbow          |       |       |       |       |       |       |    14 |    49 ||    63
  Throw: Dart              |       |       |     8 |       |     3 |       |     1 |       ||    12
   Cast: Necrotise         |    14 |       |       |       |       |       |       |       ||    14
         Wereblood         |       |       |       |     4 |     9 |    16 |     6 |       ||    35
         Manifold Assault  |       |       |       |       |       |   125 |   246 |    16 ||   387
         Vampiric Draining |       |       |       |       |       |     8 |       |       ||     8
 Invoke: Ancestor Life: Ba |     1 |       |       |       |       |       |       |       ||     1
         Recall Ancestor   |       |       |     1 |       |     1 |     5 |     3 |     1 ||    11
         Idealise          |       |       |       |     1 |    10 |     8 |    11 |     2 ||    32
  Evoke: Wand              |       |       |       |     5 |    13 |     1 |       |       ||    19
    Use: Scroll            |       |       |       |    20 |    11 |     4 |     3 |     2 ||    40
         Potion            |       |       |       |     1 |     4 |     4 |     3 |     3 ||    15
   Stab: Sleeping          |       |     3 |       |       |       |     1 |     2 |       ||     6
         Distracted        |       |     2 |       |     1 |     9 |     7 |     4 |     2 ||    25
         Invisible         |       |       |       |     2 |     6 |       |       |       ||     8
         Petrified         |       |       |       |       |       |       |     2 |       ||     2
         Petrifying        |       |       |       |       |       |       |     1 |       ||     1
 Armour: Leather armour    |    17 |     7 |       |       |       |       |       |       ||    24
         Robe              |       |     8 |     2 |    14 |       |       |       |       ||    24
         Chain mail        |       |       |       |   120 |    63 |       |       |       ||   183
         Plate armour      |       |       |       |       |   234 |   376 |   228 |    22 ||   860
  Dodge: Dodged            |    35 |    17 |    29 |   161 |   703 |   964 |   607 |    84 ||  2600
  Block: Buckler           |    15 |       |       |       |       |       |       |       ||    15
         Other             |       |       |       |       |       |   187 |   128 |    21 ||   336
         Reflection        |       |       |       |       |       |     9 |    26 |       ||    35
